Map: Traitor's Exile

Players

doubleUTF

  • Race: Terran Terran
  • Spawn Location: 9:00

HermanoVitor

  • Race: Protoss Protoss
  • Spawn Location: 12:00

PureLegacy - Winner!

  • Race: Terran Terran
  • Spawn Location: 5:00

Eruption - Winner!

  • Race: Zerg Zerg
  • Spawn Location: 6:00

VOD

Have the link to the VOD?

Description

Time

  • Played on: Nov. 20, 2018, 3:57 p.m.
  • Length: 4:42
Show
View Real Time Build Order
Export as new Build Order

doubleUTF Terran 

Build Orders:  

Get SALT Encoding   

  12  0:01  SCV  
  13  0:13  SCV  
  14  0:19  Supply Depot  
  14  0:25  SCV  
  15  0:34  Refinery  
  15  0:40  SCV  
  16  0:46  Barracks  
  16  0:52  SCV  
  17  1:05  SCV  
  18  1:17  SCV  
  19  1:29  SCV  
  19  1:31  Refinery  
  20  1:34  Marine  
  20  1:39  Factory  
  21  1:41  Orbital Command  
  21  1:50  Supply Depot  
  21  1:52  Marine  
  22  2:09  SCV  
  22  2:12  Marine  
  24  2:24  Hellion  
  24  2:28  SCV  
  27  2:30  Armory  
  27  2:32  Marine, Supply Depot  
  28  2:43  SCV  
  29  2:45  Factory Tech Lab  
  29  2:55  Marine  
  30  3:04  SCV  
  29  3:16  SCV  
  29  3:18  Thor  
  34  3:23  Marine  
  34  3:28  SCV  
  34  3:29  Supply Depot  
  34  3:47  SCV  
  31  3:52  Marine  
  26  3:59  SCV  
  18  4:11  SCV  
  18  4:13  Marine  
  20  4:23  SCV  
Show
View Real Time Build Order
Export as new Build Order

HermanoVitor Protoss 

Build Orders:  

Get SALT Encoding   

  12  0:12  Pylon  
  12  0:17  Probe  
  13  0:34  Probe  
  13  0:35  Gateway  
  14  0:42  Probe  
  14  0:46  Assimilator  
  15  0:50  Probe  
  16  0:59  Probe  
  17  1:07  Probe  
  18  1:15  Probe  
  18  1:16  Assimilator  
  18  1:25  Cybernetics Core  
  19  1:27  Probe  
  20  1:39  Probe  
  21  1:41  Pylon  
  21  1:51  Probe  
  22  1:54  Warp Gate  
  22  1:59  Gateway  
  22  2:00  Stalker  
  22  2:03  Probe  
  24  2:21  Pylon  
  24  2:30  Stalker  
  26  2:40  Shield Battery  
  26  2:46  Stalker  
  28  2:58  Robotics Facility  
  28  3:10  Stalker  
  30  3:38  Gateway  
  28  3:59  Stalker x2  
  28  4:01  Immortal  
  34  4:07  Pylon  
  30  4:23  Stalker x2  
Show
View Real Time Build Order
Export as new Build Order

PureLegacy Terran - Winner!

Build Orders:  

Get SALT Encoding   

  12  0:02  SCV  
  14  0:14  SCV  
  14  0:20  Supply Depot  
  14  0:26  SCV  
  15  0:31  Refinery  
  15  0:42  SCV  
  16  0:46  Barracks  
  16  0:54  SCV  
  17  1:05  Barracks  
  17  1:19  Barracks  
  17  1:22  SCV  
  18  1:33  Reaper  
  19  1:42  Orbital Command  
  19  1:48  Refinery  
  19  1:55  Reaper  
  19  2:00  Supply Depot  
  20  2:05  Reaper  
  21  2:10  Reaper  
  21  2:15  SCV  
  23  2:26  Supply Depot  
  23  2:27  Reaper  
  24  2:37  Reaper  
  24  2:38  SCV  
  24  2:42  Reaper  
  26  2:59  Reaper  
  26  3:01  SCV  
  28  3:09  Reaper  
  29  3:18  Reaper  
  30  3:31  Reaper  
  30  3:32  Command Center  
  30  3:33  SCV  
  32  3:41  Reaper  
  33  3:50  Reaper  
  34  3:59  SCV  
  33  4:03  Reaper  
  33  4:05  Barracks  
  33  4:06  Barracks  
  30  4:12  SCV  
  33  4:24  SCV  
  36  4:39  Engineering Bay  
  36  4:40  Supply Depot  
Show
View Real Time Build Order
Export as new Build Order

Eruption Zerg - Winner!

Build Orders: Pool First 

Get SALT Encoding   

  12  0:01  Drone  
  13  0:13  Overlord  
  13  0:18  Drone  
  14  0:31  Drone x2  
  16  0:42  Spawning Pool  
  15  0:46  Drone  
  16  1:11  Hatchery  
  16  1:14  Drone  
  16  1:17  Extractor  
  15  1:18  Drone  
  15  1:24  Drone  
  17  1:29  Drone  
  18  1:43  Zergling x2  
  18  1:44  Queen  
  21  1:47  Drone  
  22  2:01  Overlord  
  22  2:21  Zergling x2  
  22  2:22  Zergling x2  
  24  2:25  Queen  
  24  2:29  Zergling x2  
  27  2:32  Zergling x2  
  28  2:37  Zergling x2  
  29  2:45  Zergling x4  
  31  2:54  Metabolic Boost  
  29  3:23  Zergling x6  
  29  3:24  Zergling x8  
  32  3:58  Zergling x4  
  32  3:59  Zergling x4  
  32  4:10  Zergling x2  
  32  4:11  Zergling x4  
  32  4:12  Zergling x2, Overlord x3  
  35  4:24  Zergling x2  
Tags
 
Add a new tag
Caveats
  • Supply blocks, unpowered buildings, or Contaminate may cause inaccurate times.
  • Supply counts are checked every 10 seconds.